 Dungeon Crawl Stone Soup version 0.15-a0-1015-g702813b (webtiles) character file.

83 Quh the Magician (level 4, -2/24 HPs)
             Began as a Deep Elf Wizard on May 26, 2014.
             Slain by an orc
             ... wielding a +0,+0 flail
              (7 damage)
             ... on Level 3 of the Dungeon.
             The game lasted 00:08:57 (2331 turns).

Quh the Magician (Deep Elf Wizard)                  Turns: 2331, Time: 00:08:58

HP  -2/24        AC  6     Str  5      XL: 4   Next: 22%
MP   1/15        EV 12     Int 23      God:
Gold 105         SH  0     Dex 13      Spells:  5 memorised,  2 levels left

rFire  . . .     SeeInvis .     l - +0 short sword
rCold  . . .     Clarity  .     a - +0 robe
rNeg   . . .     Conserve .     (no shield)
rPois  .         rCorr    .     b - +0 hat
rElec  .         rRot     .     (no cloak)
SustAb .         Spirit   .     t - +0 pair of gloves
rMut   .         Warding  .     k - +1 pair of boots
Gourm  .         Stasis   .     (no amulet)
MR     .....                    (no ring)
                                e - +1 ring of protection

@: not resistant to hostile enchantments, unstealthy
A: no striking features
a: no special abilities


You were on level 3 of the Dungeon.
You were hungry.

You visited 1 branch of the dungeon, and saw 3 of its levels.

You collected 105 gold pieces.

Inventory:

Hand weapons
 l - a +0,+0 short sword (weapon)
 s - a cursed -1,-2 whip
Armour
 a - a +0 robe (worn)
 b - a +0 hat (worn)
 k - a +1 pair of boots (worn)
 q - a +0 shield
 t - a +0 pair of gloves (worn)
Comestibles
 d - 2 bread rations
 i - 2 meat rations
Scrolls
 f - 3 scrolls of blinking {unknown}
 g - a scroll of remove curse {unknown}
 j - a scroll of identify {unknown}
 n - 2 scrolls of enchant armour {unknown}
 p - a scroll of immolation {unknown}
 r - a scroll of random uselessness {unknown}
 u - a scroll of fear {unknown}
Jewellery
 e - a +1 ring of protection (left hand)
Potions
 h - a potion of porridge
 m - a potion of heal wounds {unknown}
 o - a potion of cure mutation {unknown}
Books
 c - a book of Minor Magic

   Spells                             Type                      Level
   *Magic Dart                        Conjuration                  1
   *Blink                             Translocation                2
   *Call Imp                          Summoning                    2
   *Repel Missiles                    Charms/Air                   2
   Slow                               Hexes                        2
   Conjure Flame                      Conjuration/Fire             3
   *Mephitic Cloud                    Conjuration/Poison/Air       3
Carrion
 v - a kobold skeleton


   Skills:
 - Level 2.4 Dodging
 * Level 3.3 Stealth
 - Level 0.1 Shields
 + Level 4.6 Spellcasting
 * Level 2.3 Conjurations
 + Level 1.5 Summonings
 * Level 2.1 Translocations
 * Level 1.4 Air Magic
 * Level 0.4 Poison Magic


You had 2 spell levels left.
You knew the following spells:

 Your Spells              Type           Power        Failure   Level  Hunger
a - Magic Dart            Conj           ###.         3%          1    None
b - Blink                 Tloc           N/A          10%         2    None
c - Call Imp              Summ           ##......     10%         2    None
d - Repel Missiles        Chrm/Air       #.....       14%         2    None
e - Mephitic Cloud        Conj/Pois/Air  ##......     17%         3    ##.....


Dungeon Overview and Level Annotations

Branches:
Dungeon (3/15)

Altars:
Gozag

Shops:
D:2 *


Message History

Anything else - Stay silent.
Gang up on whom?
Press: ? - help, Dir - move target cursor, f/p - orc wizard
Aim: an orc wizard, wielding a dagger and wearing a robe (heavily wounded, bewildered and confused) Attack!
Your shadow imp gestures at the orc wizard.
The orc wizard struggles to resist.
Unknown command.
Your shadow imp barely misses the orc wizard.
There is a stone staircase leading up here.
Casting: Magic Dart
Confirm with . or Enter, or press ? or * to list all spells.
You don't have enough magic to cast that spell.
The orc hits you with a flail.
* * * LOW HITPOINT WARNING * * *
Your shadow imp barely misses the orc wizard.
Your shadow imp hits the orc wizard.
There is a stone staircase leading up here.
The orc hits you with a flail!
You die...

#..# #..# #..# #..# #..#
#..#########
####..........#
#......######.#
#.##.<...@..#.#
#.######.#o.#.#
########...........#.#
............5.....>#.#
..........#........#.#
.########.o[.#.....#.#
#........##.....#.#
#.........#.....#.#
#..)......#....##.#######


You could see an orc wizard (confused), an orc and a friendly shadow imp.

Vanquished Creatures
  An orc priest (D:3)
  3 adders
  A giant gecko (D:1)
  A ball python (D:1)
  2 giant cockroaches (D:1)
  5 goblins
  2 hobgoblins
  3 jackals (D:2)
  6 bats
  3 giant newts
  6 kobolds
  4 rats (D:1)
37 creatures vanquished.

Vanquished Creatures (collateral kills)
  A worm (D:2)
  A jackal (D:2)
2 creatures vanquished.

Vanquished Creatures (others)
  A crimson imp (D:3)
  A white imp (D:3)
2 creatures vanquished.

Grand Total: 41 creatures vanquished

Notes
Turn   | Place    | Note
--------------------------------------------------------------
     0 | D:1      | Quh, the Deep Elf Wizard, began the quest for the Orb.
     0 | D:1      | Reached XP level 1. HP: 10/10 MP: 6/6
     0 | D:1      | Noticed an iron imp
     3 | D:1      | Noticed an iron imp
     3 | D:1      | Noticed Phywn the pandemonium lord
     4 | D:1      | Noticed an Executioner
     7 | D:1      | Noticed a reaper
    19 | D:1      | Noticed a sun demon
    22 | D:1      | Noticed an iron devil
   366 | D:1      | Reached XP level 2. HP: 15/15 MP: 4/9
   569 | D:1      | Learned a level 2 spell: Blink
   572 | D:1      | Learned a level 2 spell: Call Imp
   575 | D:1      | Learned a level 2 spell: Repel Missiles
   749 | D:1      | Reached skill level 1 in Air Magic
   749 | D:1      | Reached XP level 3. HP: 19/19 MP: 6/12
  1262 | D:2      | Found an opulent altar of Gozag.
  1263 | D:2      | Found Gozag's Nutrition Petition.
  1382 | D:2      | Learned a level 3 spell: Mephitic Cloud
  1955 | D:2      | Reached XP level 4. HP: 22/24 MP: 6/15
  2331 | D:3      | Slain by an orc

Action                   |  1- 3 |  4- 6 || total
-------------------------+-------+-------++-------
Melee: Unarmed           |     2 |       ||     2
       Short sword       |    25 |       ||    25
 Cast: Magic Dart        |    83 |    10 ||    93
       Call Imp          |     4 |     4 ||     8
       Mephitic Cloud    |       |     2 ||     2
